 Dungeon Crawl Stone Soup version 0.25.1-2-g60ff931df9 (webtiles) character file.

Game seed: 15604719294641497791

58 Michielg the Insei (level 3, 0/28 HPs)
             Began as a Draconian Transmuter on Sept 10, 2020.
             Slain by an ice beast (2 damage)
             ... on level 3 of the Dungeon.
             The game lasted 00:14:28 (2254 turns).

Michielg the Insei (Draconian Transmuter)           Turns: 2254, Time: 00:14:29

Health: 0/28       AC:  5    Str: 12    XL:     3   Next: 76%
Magic:  6/6        EV: 12    Int: 15    God:
Gold:   82         SH:  0    Dex: 12    Spells: 6/7 levels left

rFire    + . .     SeeInvis .   q - +0 trident
rCold    + . .     Gourm    .   (no shield)
rNeg     . . .     Faith    .   (armour unavailable)
rPois    .         Spirit   .   (helmet restricted)
rElec    .         Reflect  .   (no cloak)
rCorr    .         Harm     .   (no gloves)
MR       .....                  (no boots)
Stlth    +.........             m - amulet of magic regeneration
HPRegen  0.09/turn              g - ring of fire
MPRegen  0.35/turn              d - ring of protection from cold

@: appendage (expiring)
A: unfitting armour, horns 2, clever 1, cold resistance 1, cold-blooded, subdued
magic 1, AC +5
a: End Transformation


You were on level 3 of the Dungeon.
You were not hungry.
You had grown temporary horns.
You visited 1 branch of the dungeon, and saw 3 of its levels.

You collected 82 gold pieces.

Inventory:

Hand Weapons
 b - a +0 dagger
 e - a +0 dagger
 h - a +0 dagger
 q - a +0 trident (weapon)
Missiles
 a - 33 arrows
Jewellery
 d - a ring of protection from cold (right hand)
 g - a ring of fire (left hand)
 m - an amulet of magic regeneration (around neck)
Scrolls
 f - a scroll of identify {unknown}
 l - a scroll of amnesia {unknown}
 o - a scroll of remove curse
 p - a scroll of fog {unknown}
 s - a scroll of random uselessness {unknown}
Potions
 n - a potion of ambrosia
Comestibles
 c - 4 rations


   Skills:
 + Level 1.1 Fighting
 + Level 1.1 Short Blades
 + Level 2.1 Dodging
 + Level 3.4 Unarmed Combat
 + Level 2.6 Spellcasting
 + Level 2.4 Transmutations


You had 6 spell levels left.
You knew the following spells:

 Your Spells              Type           Power        Failure   Level  Hunger
a - Beastly Appendage     Tmut           #.....       6%          1    #......

Your spell library contained the following spells:

 Spells                   Type           Power        Failure   Level  Hunger
 Sticks to Snakes         Tmut           #.......     10%         2    ###....
 Spider Form              Tmut/Pois      #.........   32%         3    ###....
 Ice Form                 Ice/Tmut       #.......     73%         4    #####..
 Blade Hands              Tmut           #.........   89%         5    ######.


Dungeon Overview and Level Annotations

Branches:
Dungeon (3/15)

Altars:
Nemelex Xobeh

Annotations:
D:3 Robin


Innate Abilities, Weirdness & Mutations

Your plain brown scales are hard. (AC +5)
You cannot fit into any form of body armour.
You are cold-blooded and may be slowed by cold attacks.
You have a pair of horns on your head.
Your mind is acute. (Int +2)
Your flesh is cold resistant. (rC+)
Your spells are a little easier to cast, but a little less powerful.


Message History

You barely miss the ice beast. You headbutt the ice beast!
You tail-slap the ice beast, but do no damage.
The ice beast is heavily wounded.
The ice beast barely misses you.
You hit the ice beast but do no damage.
The ice beast is heavily wounded.
The ice beast closely misses you. x2
You barely miss the ice beast. Your headbutt misses the ice beast.
The ice beast is heavily wounded.
Your transformation is almost over.
The ice beast barely misses you.
You hit the ice beast. Your headbutt misses the ice beast.
The ice beast is severely wounded.
The ice beast misses you.
You completely miss the ice beast.
The ice beast is severely wounded.
The ice beast hits you.
* * * LOW HITPOINT WARNING * * *
The ice beast freezes you. You resist.
You die...

).......#######
#.##..........#####
#.###...#.........#
#.###.........#...#
...###.##....#_#..# .#.#
#.##.....#...#
.#.###+#####......#
...##...## #.###Y.##
.###.....###.# #@..##
.##.......##.###....##
.#.........#.##......#####
.'.S.......'.............>
.#.........#......<#######
.##.......######.#.#
.###.....## ###.# ##
##...## ##.# ##+## #..#


You could see an ice beast.

Vanquished Creatures
  An adder (D:2)
  A worm (D:2)
  A dart slug (D:1)
  2 leopard geckos (D:1)
  A ball python (D:2)
  2 giant cockroaches (D:2)
  8 goblins
  6 hobgoblins
  2 quokkas (D:2)
  5 bats
  A frilled lizard (D:1)
  3 kobolds
  5 rats
38 creatures vanquished.

Notes
Turn   | Place    | Note
-------+----------+-------------------------------------------
     0 | D:1      | Michielg the Draconian Transmuter began the quest for the
                  | Orb.
     0 | D:1      | Reached XP level 1. HP: 16/16 MP: 3/3
   254 | D:1      | Reached XP level 2. HP: 20/23 MP: 3/5
   936 | D:2      | Reached XP level 3. HP: 25/28 MP: 3/6
  1009 | D:2      | Found a sparkling altar of Nemelex Xobeh.
  1456 | D:2      | Reached skill level 1 in Short Blades
  1749 | D:3      | Found a faded altar of an unknown god.
  1892 | D:3      | Noticed an ice beast
  1904 | D:3      | HP: 1/28 [poisoned by an adder]
  1912 | D:3      | Gained mutation: Your spells are a little easier to cast,
                  | but a little less powerful. [potion of mutation]
  1912 | D:3      | Gained mutation: Your mind is acute. (Int +2) [potion of
                  | mutation]
  1912 | D:3      | Gained mutation: Your flesh is cold resistant. (rC+)
                  | [potion of mutation]
  2102 | D:3      | Noticed Robin
  2254 | D:3      | Slain by an ice beast

Illustrated notes

Levels and vault maps discovered:
D:1:      lemuel_arrival_room, layout_basic
D:2:      layout_rooms, nemelex_altar_shiori, nicolae_overflow_hidden_temple
D:3:      layout_loops_corners, chequers_ecumenical_altar_simple, uniq_robin

Skill      XL: |  1  2  3 |
---------------+----------+-----
Dodging        | 2 |  2.1
Short Blades   | 1 |  1.1
Fighting       | |  1.1
Unarmed Combat | |  3.4
Spellcasting   | |  2.6
Transmutations | |  2.4

Action                   || total
-------------------------++-------
Melee: Unarmed           ||    19
       Dagger            ||   110
       Kick              ||     9
       Tailslap          ||    16
       Headbutt          ||     7
       Trident           ||    49
       Punch             ||     2
 Cast: Beastly Appendage ||    32
  Use: Scroll            ||     6
       Potion            ||     6
  Eat: Chunk             ||     2
       Ration            ||     1
Armor: Skin              ||    71
Dodge: Dodged            ||   158
